 Dungeon Crawl Stone Soup version 0.28.0-53-g5a82cb258f (webtiles) character file.

Game seed: 9428483141795564919

112 Sin92 the Skirmisher (level 4, -2/36 HPs)
             Began as a Demonspawn Fighter on June 8, 2022.
             Killed from afar by a white imp (9 damage)
             ... with a puff of frost
             ... summoned by Natasha
             ... on level 2 of the Dungeon.
             The game lasted 00:01:25 (1242 turns).

Sin92 the Skirmisher (Demonspawn Fighter)           Turns: 1242, Time: 00:01:25

Health: -2/36      AC: 10    Str: 18    XL:     4   Next: 63%
Magic:  4/4        EV: 14    Int: 10    God:
Gold:   58         SH:  4    Dex: 12    Spells: 3/3 levels left

rFire   . . .      SeeInvis .   h - +2 hand axe (freeze)
rCold   . . .      Faith    .   c - +0 buckler
rNeg    . . .      Spirit   .   b - +0 scale mail
rPois   .          Reflect  .   (no helmet)
rElec   .          Harm     .   (no cloak)
rCorr   .          Rampage  .   (no gloves)
Will    .....                   m - +0 pair of boots
Stlth   ..........              (no amulet)
HPRegen 0.12/turn               (no ring)
MPRegen 0.09/turn               (no ring)

@: agile, slowed, very slow
A: icy blue scales 2, powered by pain 1
a: no special abilities


You were on level 2 of the Dungeon.
You visited 1 branch of the dungeon, and saw 2 of its levels.

You collected 58 gold pieces.

Inventory:

Hand Weapons
 a - a +0 flail
 h - a +2 hand axe of freezing (weapon)
Armour
 b - a +0 scale mail (worn)
 c - a +0 buckler (worn)
 m - a +0 pair of boots (worn)
Scrolls
 e - a scroll of magic mapping {unknown}
 j - a scroll of holy word {unknown}
 k - a scroll of identify {unknown}
 l - a scroll of teleportation {unknown}
 n - a scroll of fog {unknown}
Potions
 d - a potion of might
 f - 2 potions of heal wounds {unknown}
 g - a potion of lignification {unknown}
 i - 2 potions of flight {unknown}


   Skills:
 + Level 3.6 Fighting
 * Level 1.7(2.2) Axes
 - Level 2.0(2.3) Maces & Flails
 + Level 3.1 Armour
 + Level 1.4 Dodging
 + Level 3.1 Shields


You had 3 spell levels left.
You didn't know any spells.
Your spell library was empty.

Dungeon Overview and Level Annotations

Branches:
Dungeon (2/15)

Altars:

Annotations:
D:2 Natasha


Innate Abilities, Weirdness & Mutations

You are mostly covered in icy blue scales. (AC +3)
You sometimes gain a little power by taking damage.


Message History

You kill the ball python!
Natasha, Servant of Life and Death comes into view.
Natasha is nearby!
Natasha mumbles some strange words.
Natasha shimmers violently.
Natasha is nearby!
Natasha casts a spell at you.
You feel yourself slow down.
Natasha is nearby!
Natasha casts a spell.
Natasha casts a spell at you. The magic dart hits you!
You focus on the pain.
You feel agile all of a sudden. Natasha barely misses you.
There are monsters nearby!
You hit Natasha. You freeze Natasha.
Natasha is moderately wounded.
You barely miss the white imp. The white imp gestures at you.
The puff of frost hits you but does no damage.
Natasha claws you! The white imp gestures at you. The puff of frost misses you.
You aren't carrying any pieces of jewellery.
You barely miss Natasha.
Natasha is moderately wounded.
You hit the white imp.
Natasha mumbles some strange words.
You feel disoriented. Natasha closely misses you.
You block the white imp's attack. Natasha barely misses you.
The white imp gestures at you. The puff of frost hits you.
* * * LOW HITPOINT WARNING * * *
You miss Natasha.
Natasha is moderately wounded.
You barely miss the white imp. Natasha closely misses you.
The white imp gestures at you. The puff of frost hits you!
You die...

#.# #...... .. ..# #...... . #.
#.# # . #...... #...####.###.#
.#.. #...... #......#..##.##...
..##...>.. ####.. #.##........#
#..#...... .....##........####
......... #......##..†.....#
#.####.. #..##..†.....@..#
###..###..
#....##......5h.#####.##...#..
###......................#.#..
##...#.......................
#####..#.................######..
.......##......).........# #..
###......................# #..
#).##.###..............#### #..
#..###... ..........†......####..


You could see Natasha and a white imp (summoned).

Vanquished Creatures
  Natasha (twice) (D:2)
  An adder (D:2)
  An ufetubus (D:2)
  A worm (D:2)
  6 bats
  4 endoplasms
  3 giant cockroaches
  2 goblins (D:1)
  2 hobgoblins
  4 jackals
  A quokka (D:1)
  4 ball pythons
  4 frilled lizards
  4 kobolds
  4 rats
43 creatures vanquished.

Notes
Turn   | Place    | Note
-------+----------+-------------------------------------------
     0 | D:1      | Sin92 the Demonspawn Fighter began the quest for the Orb.
     0 | D:1      | Reached XP level 1. HP: 18/18 MP: 1/1
   142 | D:1      | Gained mutation: You sometimes gain a little power by
                  | taking damage. [demonic ancestry]
   142 | D:1      | Reached XP level 2. HP: 16/24 MP: 2/2
   530 | D:1      | Found a faded altar of an unknown god.
   877 | D:2      | Gained mutation: You are partially covered in icy blue
                  | scales. (AC +2) [demonic ancestry]
   877 | D:2      | Reached XP level 3. HP: 27/29 MP: 3/3
   925 | D:2      | Reached skill level 1 in Dodging
   965 | D:2      | Reached skill level 1 in Axes
   980 | D:2      | Noticed Natasha
   987 | D:2      | Killed Natasha
   988 | D:2      | Gained mutation: You are mostly covered in icy blue scales.
                  | (AC +3) [demonic ancestry]
   988 | D:2      | Reached XP level 4. HP: 30/35 MP: 4/4
  1188 | D:2      | Noticed Natasha
  1198 | D:2      | Killed Natasha
  1235 | D:2      | Noticed Natasha
  1242 | D:2      | Killed from afar by a white imp

Illustrated notes

Levels and vault maps discovered:
D:1:      minmay_arrival_jagged, layout_rooms,
          shapermc_ecumenical_altar_mp_vishouse
D:2:      layout_rooms, eino_tiny_chamber, minmay_misc_feat_rows, uniq_natasha

Skill      XL: |  1  2  3 |
---------------+----------+-----
Maces & Flails | 2 |  2.0
Dodging        | 1 |  1.4
Axes           | 1 |  1.7
Shields        | 3 |  3.1
Armour         | 3 |  3.1
Fighting       | |  3.6

Action                   |  1- 3 |  4- 6 || total
-------------------------+-------+-------++-------
Melee: Flail             |    44 |       ||    44
       Hand axe          |    38 |    26 ||    64
Armor: Scale mail        |    48 |    16 ||    64
Dodge: Dodged            |    27 |    14 ||    41
Block: Buckler           |    24 |     9 ||    33
